 Dungeon Crawl Stone Soup version 0.25-a0-890-g62861fb (webtiles) character file.

Game seed: 6561527177358142154, levelgen mode: deterministic

6 vertexvortex the Charmwright (level 1, -1/17 HPs)
             Began as a Merfolk Skald on May 6, 2020.
             Slain by a frilled lizard (3 damage)
             ... on level 1 of the Dungeon.
             The game lasted 00:01:15 (157 turns).

vertexvortex the Charmwright (Merfolk Skald)         Turns: 157, Time: 00:01:16

Health: -1/17      AC:  3    Str: 11    XL:     1   Next: 90%
Magic:  3/3        EV: 12    Int: 12    God:
Gold:   39         SH:  0    Dex: 13    Spells: 3/4 levels left

rFire    . . .     SeeInvis .   g - +1 dagger (holy)
rCold    . . .     Gourm    .   (no shield)
rNeg     . . .     Faith    .   b - +0 leather armour
rPois    .         Spirit   .   (no helmet)
rElec    .         Reflect  .   (no cloak)
rCorr    .         Harm     .   (no gloves)
MR       .....                  (no boots)
Stlth    +.........             (no amulet)
HPRegen  0.05/turn              (no ring)
MPRegen  0.08/turn              (no ring)

@: no status effects
A: change form in water, swift swim, stealthy swim
a: no special abilities


You were on level 1 of the Dungeon.
You were not hungry.

You visited 1 branch of the dungeon, and saw 1 of its levels.

You collected 39 gold pieces.

Inventory:

Hand Weapons
 a - a +0 spear
 g - a +1 dagger of holy wrath (weapon)
Armour
 b - a +0 leather armour (worn)
 c - a +0 pair of gloves
Scrolls
 f - a scroll of magic mapping {unknown}
Potions
 e - a potion of mutation {unknown}
Comestibles
 d - 2 rations


   Skills:
 * Level 2.3 Fighting
 * Level 3.2 Polearms
 - Level 0.6 Armour
 - Level 2.6 Dodging
 + Level 2.0 Spellcasting
 + Level 3.4 Charms


You had 3 spell levels left.
You knew the following spells:

 Your Spells              Type           Power        Failure   Level  Hunger
a - Infusion              Chrm           #...         9%          1    ##.....

Your spell library contained the following spells:

 Spells                   Type           Power        Failure   Level  Hunger
 Song of Slaying          Chrm           #.......     13%         2    ###....
 Shroud of Golubria       Chrm/Tloc      #.....       26%         2    ###....
 Ozocubu's Armour         Chrm/Ice       #.......     45%         3    ####...
 Spectral Weapon          Hex/Chrm       #.......     45%         3    ####...


Dungeon Overview and Level Annotations

Branches:
Dungeon (1/15)

Altars:


Message History

The leopard gecko closely misses you.
Casting: Infusion (safe; 9% risk of failure)
Confirm with . or Enter, or press ? or * to list all spells.
You begin infusing your attacks with magical energy.
The leopard gecko bites you but does no damage.
You hit the leopard gecko.
You kill the leopard gecko!
You start resting.
Your magical infusion is running out.
A frilled lizard comes into view.
Found a scale mail.
You barely miss the frilled lizard. The frilled lizard barely misses you.
You miss the frilled lizard. The frilled lizard bites you.
* * * LOW HITPOINT WARNING * * *
You barely miss the frilled lizard.
You are no longer magically infusing your attacks.
The frilled lizard bites you.
* * * LOW HITPOINT WARNING * * *
You closely miss the frilled lizard. The frilled lizard bites you.
You die...

## #######. #.. ......
#.# #... #### #.# #..##
#... #.# #†..###.. #.#
#..#.#.#
#.########..##.#####.#.#
#.##...##...###.@l[.....
#.##.#.##.#.# #.###..#..
#....#....#.# #.# ...
#..#####..#.###.###.. .
##...#..............)
###.#...#......#
#...#..†###### .#
##..##.#########.# .
#.........#...#.##..


You could see a frilled lizard.

Vanquished Creatures
  A leopard gecko (D:1)
  2 hobgoblins (D:1)
  A kobold (D:1)
  A rat (D:1)
5 creatures vanquished.

Notes
Turn   | Place    | Note
-------+----------+-------------------------------------------
     0 | D:1      | vertexvortex the Merfolk Skald began the quest for the Orb.
     0 | D:1      | Reached XP level 1. HP: 16/16 MP: 3/3
   157 | D:1      | Slain by a frilled lizard

Levels and vault maps discovered:
D:1:      ebering_trefoil_twist, layout_loops_ring

Action                   || total
-------------------------++-------
Melee: Spear             ||    15
       Dagger            ||    13
 Cast: Infusion          ||     2
Armor: Leather armour    ||     1
Dodge: Dodged            ||    13

Table legend:
 A = Non-vault XP
 B = Vault XP
 C = Vault XP percentage of total XP
 D = Non-vault monster count
 E = Vault monster count
 F = Vault count percentage of total count
                 A         B        C        D         E       F
            +---------+---------+-------+---------+---------+-------
      Total |       9 |       0 |   0.0 |       5 |       0 |   0.0
            +---------+---------+-------+---------+---------+-------
        D:1 |       9 |       0 |   0.0 |       5 |       0 |   0.0
            +---------+---------+-------+---------+---------+-------
